| TOP OF THE 1ST |
|
Toledo Mud Hens batting - Pitching for Rochester Red Wings : RHP Bud Puffer
|
|
Pitching: RHP Bud Puffer
|
|
|
Batting: RHB Brandon O'Malley
|
0-0: Ball 1-0: Called Strike 1-1: Ball 2-1: Called Strike 2-2: Foul Ball, location: 2F 2-2: Ball 3-2: SINGLE (Line Drive, 56, EV 98.8 MPH)
|
|
Batting: RHB Willis Morales
|
0-0: Called Strike 0-1: Ball 1-1: Ball Brandon O'Malley steals 2nd base 2-1: Fly out, F8 (Line Drive, 78D, EV 85.6 MPH) Runner from 2nd tags up, OUT at 3rd! 8-5
|
|
Batting: LHB Bill Ford
|
0-0: Ball 1-0: Swinging Strike 1-1: Foul Ball, location: 2F 1-2: Ball 2-2: Foul Ball, location: 2F 2-2: Foul Ball, location: 2F 2-2: Ground out 4-3 (Groundball, 4, EV 78.1 MPH)
|
| Top of the 1st over - 0 runs, 1 hit, 0 errors, 0 left on base; Toledo 0 - Rochester 0 |
| BOTTOM OF THE 1ST |
|
Rochester Red Wings batting - Pitching for Toledo Mud Hens : RHP Ruben Arana
|
|
Pitching: RHP Ruben Arana
|
|
|
Batting: RHB Joe Young
|
0-0: Called Strike 0-1: Ball 1-1: Ground out 5-3 (Groundball, 56, EV 95.6 MPH)
|
|
Batting: LHB Harris Vink
|
0-0: Called Strike 0-1: Ball 1-1: Ball 2-1: Fly out, F7 (Flyball, 78D, EV 99.4 MPH)
|
|
Batting: SHB Dan Morataya
|
0-0: DOUBLE (Groundball, 3L, EV 101.2 MPH)
|
|
Batting: LHB Chris Munguia
|
0-0: Called Strike 0-1: Called Strike 0-2: Strikes out looking
|
| Bottom of the 1st over - 0 runs, 1 hit, 0 errors, 1 left on base; Toledo 0 - Rochester 0 |
| TOP OF THE 2ND |
|
Toledo Mud Hens batting - Pitching for Rochester Red Wings : RHP Bud Puffer
|
|
Batting: RHB Dan Becvar
|
0-0: SINGLE (Groundball, 6S, EV 66.9 MPH) (infield hit)
|
|
Batting: RHB Joel Miller
|
0-0: Called Strike 0-1: Ball 1-1: Ball 2-1: Ball 3-1: Foul Ball, location: 2F 3-2: Foul Ball, location: 2F 3-2: Grounds into double play, 4-6-3 (Groundball, 4, EV 88.1 MPH)
|
|
Batting: RHB Keith Hoffman
|
0-0: Ball 1-0: Ball 2-0: Called Strike 2-1: Ball 3-1: Base on Balls
|
|
Batting: RHB Aaron Cusick
|
0-0: Foul Ball, location: 2F 0-1: Ball 1-1: Ball 2-1: Ball 3-1: Called Strike 3-2: Foul Ball, location: 2F 3-2: Strikes out looking
|
| Top of the 2nd over - 0 runs, 1 hit, 0 errors, 1 left on base; Toledo 0 - Rochester 0 |
| BOTTOM OF THE 2ND |
|
Rochester Red Wings batting - Pitching for Toledo Mud Hens : RHP Ruben Arana
|
|
Batting: LHB Jayden Thomas
|
0-0: Called Strike 0-1: SINGLE (Groundball, 3D, EV 104.4 MPH)
|
|
Batting: RHB Manuel Juarez
|
0-0: Called Strike 0-1: Called Strike 0-2: Foul Ball, location: 2F 0-2: Ball 1-2: Strikes out looking
|
|
Batting: RHB Ryan Gautney
|
0-0: Foul Ball, location: 2F 0-1: Called Strike 0-2: Ball 1-2: Ball 2-2: Grounds into double play, 5-4-3 (Groundball, 5L, EV 103.8 MPH)
|
| Bottom of the 2nd over - 0 runs, 1 hit, 0 errors, 0 left on base; Toledo 0 - Rochester 0 |
| TOP OF THE 3RD |
|
Toledo Mud Hens batting - Pitching for Rochester Red Wings : RHP Bud Puffer
|
|
Batting: SHB Scott Bartholomew
|
0-0: Foul Ball, location: 2F 0-1: Fly out, F8 (Flyball, 8RM, EV 90.0 MPH)
|
|
Batting: SHB Chris Wagler
|
0-0: Called Strike 0-1: Ball 1-1: Ball 2-1: Swinging Strike 2-2: Strikes out looking
|
|
Batting: RHB Brandon O'Malley
|
0-0: Called Strike 0-1: Ball 1-1: Reached on error, E4 (Groundball, 4M, EV 81.2 MPH)
|
|
Batting: RHB Willis Morales
|
Pickoff Throw to First - Out! 1-3
|
| Top of the 3rd over - 0 runs, 0 hits, 1 error, 0 left on base; Toledo 0 - Rochester 0 |
| BOTTOM OF THE 3RD |
|
Rochester Red Wings batting - Pitching for Toledo Mud Hens : RHP Ruben Arana
|
|
Batting: RHB Mike Craver
|
0-0: Ball 1-0: Fly out, F7 (Flyball, 7LM, EV 77.5 MPH)
|
|
Batting: RHB Dan Grable
|
0-0: Ball 1-0: Fly out, F8 (Flyball, 8LS, EV 93.8 MPH)
|
|
Batting: RHB Joe Young
|
0-0: Foul Ball, location: 2F 0-1: Ball 1-1: Ball 2-1: Fly out, F7 (Line Drive, 7S, EV 105.6 MPH)
|
| Bottom of the 3rd over - 0 runs, 0 hits, 0 errors, 0 left on base; Toledo 0 - Rochester 0 |
| TOP OF THE 4TH |
|
Toledo Mud Hens batting - Pitching for Rochester Red Wings : RHP Bud Puffer
|
|
Batting: RHB Willis Morales
|
0-0: Ball 1-0: Called Strike 1-1: Called Strike 1-2: Foul Ball, location: 2F 1-2: SINGLE (Line Drive, 5D, EV 106.9 MPH)
|
|
Batting: LHB Bill Ford
|
0-0: Ball 1-0: Called Strike 1-1: Called Strike Willis Morales is caught stealing 2nd base 2-6 1-2: Foul Ball, location: 2F 1-2: Strikes out swinging
|
|
Batting: RHB Dan Becvar
|
0-0: SINGLE (Groundball, 56, EV 83.1 MPH) (infield hit)
|
|
Batting: RHB Joel Miller
|
0-0: Ball 1-0: Called Strike 1-1: Ball 2-1: Ball 3-1: Called Strike 3-2: Strikes out swinging
|
| Top of the 4th over - 0 runs, 2 hits, 0 errors, 1 left on base; Toledo 0 - Rochester 0 |
| BOTTOM OF THE 4TH |
|
Rochester Red Wings batting - Pitching for Toledo Mud Hens : RHP Ruben Arana
|
|
Batting: LHB Harris Vink
|
0-0: Ball 1-0: Ball 2-0: Ball 3-0: Base on Balls
|
|
Batting: SHB Dan Morataya
|
0-0: DOUBLE (Flyball, 8LXD, EV 100.6 MPH) Harris Vink to third
|
|
Batting: LHB Chris Munguia
|
0-0: Ground out 4-3 (Groundball, 4, EV 91.2 MPH) Harris Vink scores Dan Morataya to third
|
|
Batting: LHB Jayden Thomas
|
0-0: Called Strike 0-1: Foul Ball, location: 2F 0-2: Ground out 4-3 (Groundball, 4, EV 88.1 MPH) Dan Morataya scores
|
|
Batting: RHB Manuel Juarez
|
0-0: Fly out, F9 (Flyball, 9LS, EV 93.8 MPH)
|
| Bottom of the 4th over - 2 runs, 1 hit, 0 errors, 0 left on base; Toledo 0 - Rochester 2 |
| TOP OF THE 5TH |
|
Toledo Mud Hens batting - Pitching for Rochester Red Wings : RHP Bud Puffer
|
|
Batting: RHB Keith Hoffman
|
0-0: Swinging Strike 0-1: Ball 1-1: Ground out 5-3 (Groundball, 56, EV 98.1 MPH)
|
|
Batting: RHB Aaron Cusick
|
0-0: Ball 1-0: Called Strike 1-1: Ball 2-1: Ball 3-1: SINGLE (Line Drive, 78M, EV 95.6 MPH)
|
|
Batting: SHB Scott Bartholomew
|
0-0: Swinging Strike 0-1: Fielders Choice at 2nd, 6-4 (Groundball, 6, EV 87.5 MPH)
|
|
Batting: SHB Chris Wagler
|
0-0: Called Strike 0-1: Ball 1-1: Fly out, F8 (Flyball, 8LD, EV 101.2 MPH)
|
| Top of the 5th over - 0 runs, 1 hit, 0 errors, 1 left on base; Toledo 0 - Rochester 2 |
| BOTTOM OF THE 5TH |
|
Rochester Red Wings batting - Pitching for Toledo Mud Hens : RHP Ruben Arana
|
|
Batting: RHB Ryan Gautney
|
0-0: DOUBLE (Line Drive, 5D, EV 96.9 MPH)
|
|
Batting: RHB Mike Craver
|
0-0: Ball 1-0: Ball 2-0: Called Strike 2-1: Swinging Strike 2-2: Ball 3-2: Foul Ball, location: 2F 3-2: Base on Balls
|
|
Batting: RHB Dan Grable
|
0-0: Ball 1-0: Swinging Strike 1-1: Ball 2-1: Grounds into DOUBLE play, U5-4-3 (Groundball, 5L, EV 103.8 MPH)
|
|
Batting: RHB Joe Young
|
0-0: Ball 1-0: Ball 2-0: Fly out, F2 (Popup, 23F, EV 86.2 MPH)
|
| Bottom of the 5th over - 0 runs, 1 hit, 0 errors, 1 left on base; Toledo 0 - Rochester 2 |
| TOP OF THE 6TH |
|
Toledo Mud Hens batting - Pitching for Rochester Red Wings : RHP Bud Puffer
|
|
Batting: RHB Brandon O'Malley
|
0-0: Called Strike 0-1: Ball 1-1: Fly out, F5 (Popup, 5S, EV 87.5 MPH)
|
|
Batting: RHB Willis Morales
|
0-0: SINGLE (Line Drive, 3L, EV 106.2 MPH)
|
|
Batting: LHB Bill Ford
|
0-0: Ball 1-0: Called Strike 1-1: Swinging Strike 1-2: Ball 2-2: Ball 3-2: Foul Ball, location: 2F 3-2: Foul Ball, location: 2F 3-2: Strikes out swinging
|
|
Batting: RHB Dan Becvar
|
0-0: Ball 1-0: Ball 2-0: Ball 3-0: Called Strike 3-1: Fielders Choice at 2nd, 5-4 (Groundball, 56, EV 88.1 MPH)
|
| Top of the 6th over - 0 runs, 1 hit, 0 errors, 1 left on base; Toledo 0 - Rochester 2 |
| BOTTOM OF THE 6TH |
|
Rochester Red Wings batting - Pitching for Toledo Mud Hens : RHP Ruben Arana
|
|
Batting: LHB Harris Vink
|
0-0: Called Strike 0-1: Ground out 4-3 (Groundball, 34D, EV 107.5 MPH)
|
|
Batting: SHB Dan Morataya
|
0-0: Foul Ball, location: 2F 0-1: Called Strike 0-2: Foul Ball, location: 2F 0-2: Strikes out swinging
|
|
Batting: LHB Chris Munguia
|
0-0: Ball 1-0: Foul Ball, location: 2F 1-1: Foul Ball, location: 2F 1-2: Strikes out swinging
|
| Bottom of the 6th over - 0 runs, 0 hits, 0 errors, 0 left on base; Toledo 0 - Rochester 2 |
| TOP OF THE 7TH |
|
Toledo Mud Hens batting - Pitching for Rochester Red Wings : RHP Bud Puffer
|
|
Batting: RHB Joel Miller
|
0-0: Ball 1-0: Foul Ball, location: 2F 1-1: Foul Ball, location: 2F 1-2: Ball 2-2: Strikes out swinging
|
|
Pitching: RHP Justin Gorden
|
|
|
Batting: RHB Keith Hoffman
|
0-0: Ball 1-0: Called Strike 1-1: Swinging Strike 1-2: Strikes out swinging
|
|
Batting: RHB Aaron Cusick
|
0-0: Foul Ball, location: 2F 0-1: Foul Ball, location: 2F 0-2: Ball 1-2: Foul Ball, location: 2F 1-2: Foul Ball, location: 2F 1-2: Ball 2-2: Fly out, F9 (Line Drive, 9, EV 111.9 MPH)
|
| Top of the 7th over - 0 runs, 0 hits, 0 errors, 0 left on base; Toledo 0 - Rochester 2 |
| BOTTOM OF THE 7TH |
|
Rochester Red Wings batting - Pitching for Toledo Mud Hens : RHP Ruben Arana
|
|
Batting: LHB Jayden Thomas
|
0-0: Called Strike 0-1: Ball 1-1: Swinging Strike 1-2: Ground out 1-3 (Groundball, 13S, EV 73.8 MPH)
|
|
Batting: RHB Manuel Juarez
|
0-0: Ball 1-0: Swinging Strike 1-1: Ball 2-1: Foul Ball, location: 2F 2-2: Strikes out swinging
|
|
Batting: RHB Ryan Gautney
|
0-0: Ball 1-0: Foul Ball, location: 2F 1-1: Ball 2-1: Ground out U3 (Groundball, 3, EV 86.2 MPH)
|
| Bottom of the 7th over - 0 runs, 0 hits, 0 errors, 0 left on base; Toledo 0 - Rochester 2 |
| TOP OF THE 8TH |
|
Toledo Mud Hens batting - Pitching for Rochester Red Wings : RHP Justin Gorden
|
|
Batting: SHB Scott Bartholomew
|
0-0: Ball 1-0: Called Strike 1-1: Called Strike 1-2: Ball 2-2: Ball 3-2: Foul Ball, location: 2F 3-2: Ground out 4-3 (Groundball, 4M, EV 85.0 MPH)
|
|
Batting: SHB Chris Wagler
|
0-0: Foul Ball, location: 2F 0-1: SINGLE (Flyball, 78S, EV 98.1 MPH)
|
|
Batting: RHB Brandon O'Malley
|
0-0: Ball 1-0: Called Strike 1-1: Foul Ball, location: 2F 1-2: Ball 2-2: Ball 3-2: Fly out, F7 (Flyball, 78D, EV 106.2 MPH)
|
|
Batting: RHB Willis Morales
|
0-0: Swinging Strike 0-1: Ball 1-1: Ground out 5-3 (Groundball, 5S, EV 68.8 MPH)
|
| Top of the 8th over - 0 runs, 1 hit, 0 errors, 1 left on base; Toledo 0 - Rochester 2 |
| BOTTOM OF THE 8TH |
|
Rochester Red Wings batting - Pitching for Toledo Mud Hens : RHP Ruben Arana
|
|
Pitching: RHP Chris Kimura
|
|
|
Batting: RHB Mike Craver
|
0-0: Ball 1-0: Ground out 5-3 (Groundball, 56, EV 103.1 MPH)
|
|
Batting: RHB Dan Grable
|
0-0: Called Strike 0-1: Called Strike 0-2: Ball 1-2: Strikes out swinging
|
|
Batting: RHB Joe Young
|
0-0: Ground out 5-3 (Groundball, 56S, EV 68.1 MPH)
|
| Bottom of the 8th over - 0 runs, 0 hits, 0 errors, 0 left on base; Toledo 0 - Rochester 2 |
| TOP OF THE 9TH |
|
Toledo Mud Hens batting - Pitching for Rochester Red Wings : RHP Justin Gorden
|
|
Pitching: LHP Bobby Molina
|
|
|
Now in CF: Juan Espinoza
|
|
|
Batting: LHB Bill Ford
|
0-0: Foul Ball, location: 2F 0-1: Foul Ball, location: 2F 0-2: Strikes out swinging
|
|
Batting: RHB Dan Becvar
|
0-0: Ball 1-0: Ball 2-0: Foul Ball, location: 2F 2-1: Ball 3-1: Base on Balls
|
|
Batting: RHB Joel Miller
|
0-0: Ball 1-0: Ball 2-0: Ball 3-0: Called Strike 3-1: Called Strike 3-2: Strikes out swinging
|
|
Batting: RHB Keith Hoffman
|
0-0: Ball 1-0: Foul Ball, location: 2F 1-1: Ball 2-1: Ball 3-1: Ground out U3 (Groundball, 3, EV 106.2 MPH)
|
| Top of the 9th over - 0 runs, 0 hits, 0 errors, 1 left on base; Toledo 0 - Rochester 2 |
|